AoeStats
← Ken

Nomad

510091786Analyzed
4v4 RM · 2d ago on Sep 29, 2026· 23m 58s· 8 players
Game mode
Random Map
Map size
231×231
Population
200
Speed
Normal
Resources
Standard
Victory
Conquest
Starting age
Dark Age
Ending age
Imperial Age
RankedLock teamsTeams togetherTeam positionsShared explorationLock speedFull tech treeHidden civsTurbo modeCheats
Victory
Defeat
🇫🇷 Koreans · France
1040
+14
🇯🇵 Spanish · Japan
1040
+14
🇪🇸 Byzantines · Spain
1031
+14
🇲🇦 Wu · Morocco
982
+17
🇹🇼 Persians · Taiwan
1016
-16
🇦🇺 Britons · Australia
1000
-15
🇨🇳 Franks · China
995
-15
🇹🇼 Varangians · Taiwan
957
-13
bryant200120
6:01 Loom
Ken
3:16 Loom
13:08 Feudal Age
19:35 Castle Age
18:58 Double-Bit Axe
21:21 Husbandry
21:36 Bow Saw
23:03 Scale Barding Armor
24:36 Chain Barding Armor
森永
14:46 Loom
17:34 Feudal Age
.wailord
6:51 Loom
14:30 Feudal Age
15:06 Double-Bit Axe
15:02 Horse Collar
16:01 Wheelbarrow
23:38 Castle Age
21:42 Padded Archer Armor
21:50 Gold Mining
世界首席DJ
5:30 Loom
15:03 Feudal Age
17:12 Double-Bit Axe
19:30 Castle Age
18:44 Horse Collar
21:57 Wheelbarrow
21:10 Town Watch
22:03 Bow Saw
22:22 Heavy Plow
23:03 Fishing Lines
Lizard Bro
5:54 Loom
14:47 Feudal Age
16:07 Town Watch
18:48 Castle Age
19:15 Double-Bit Axe
19:46 Fishing Lines
20:45 Fletching
22:31 Scale Barding Armor
24:21 Forging
KingTeOTep
7:23 Loom
14:10 Feudal Age
19:30 Castle Age
18:17 Arson
19:09 Scale Mail Armor
19:20 Forging
19:40 Town Watch
20:17 Gold Mining
22:00 Chain Mail Armor
22:05 Fishing Lines
22:52 Squires
24:38 Iron Casting
ronald.lama6
15:01 Feudal Age
15:28 Fishing Lines
15:36 Double-Bit Axe
15:47 Gold Mining
17:02 Wheelbarrow
21:18 Castle Age
19:40 Forging
20:11 Scale Barding Armor
23:24 Chain Barding Armor
22:40 Light Cavalry
Connection lost

Rejoining the realm…

Still unreachable

The connection could not be restored.

Session expired

The server has moved on; the page needs a fresh start.